[Event "Titled Tuesday Blitz January 04 2022"]
[White "Djordjevic, Vuk"]
[Black "Omelja, Artem"]
[WhiteFideId "902098"]
[BlackFideId "14119846"]
[WhiteElo "2463"]
[BlackElo "2418"]
[Result "1-0"]
[Round "11"]
[TimeControl "180+1"]
[Date "2022.01.04"]
[WhiteClock "0:00:12"]
[BlackClock "0:00:12"]

1. e4 c5 2. g3 Nc6 3. Bg2 Nf6 4. Ne2 d6 5. O-O g6 6. c3 Bg7 7. d4 cxd4 8. cxd4 O-O 9. Nbc3 Bg4 10. Be3 Rc8 11. d5 Ne5 12. Bxa7 Nc4 13. Rb1 b6 14. h3 Bxe2 15. Qxe2 Qd7 16. b3 Na3 17. Bxb6 Rxc3 18. Rbc1 Rfc8 19. Rxc3 Rxc3 20. Qb2 Nb5 21. a4 Nxe4 22. axb5 Qxb5 23. Be3 Rxe3 24. Qc2 Re2 25. Qc8+ Bf8 26. Bf3 Rxf2 27. Rxf2 Nxf2 28. Kxf2 Qxb3 29. h4 h5 30. Be4 Qb2+ 31. Kf3 Qf6+ 32. Kg2 Kg7 33. Qb7 Qe5 34. Bf3 Kg8 35. Qa8 Kg7 36. Qa7 e6 37. dxe6 Qxe6 38. Qb7 Be7 39. Bd5 Qe2+ 40. Kh3 Qf1+ 41. Kh2 Qf6 42. Kg2 Bd8 43. Qb4 Qe7 44. Qb5 Qf6 45. Qb4 Be7 46. Qb3 Qf5 47. Qc4 Qe5 48. Bxf7 Qf6 49. Bd5 Qe5 50. Qb3 g5 51. Qf3 gxh4 52. gxh4 Bxh4 53. Qf7+ Kh6 54. Bf3 Qg3+ 55. Kh1 Qe1+ 56. Kg2 Qf2+ 57. Kh1 Qf1+ 58. Kh2 Qf2+ 59. Kh1 Qe1+ 60. Kg2 Qe5 61. Qf8+ Kg5 62. Qg8+ Kf4 63. Qf7+ Ke3 64. Qb3+ Kf4 65. Qc4+ Kf5 66. Qd3+ Kf6 67. Qh7 Qg5+ 68. Kf1 Qc1+ 69. Kg2 Qg5+ 70. Kf1 Ke5 71. Qe4+ Kf6 72. Qe8 Qg7 73. Qxh5 Bg5 74. Qg4 Qd7 75. Qxd7 Ke5 76. Bg4 Kd4 77. Qe6 Bf4 78. Bf5 Be5 79. Qg6 Ke3 80. Qg4 Kd2 81. Qe2+ Kc3 82. Qd3+ Kb4 83. Be6 Kc5 84. Qd5+ Kb6 85. Ke2 Kc7 86. Kd3 Kd8 87. Bf5 Ke8 88. Qe6+ Kf8 89. Bg6 Kg7 90. Be8 Kf8 91. Qf7# 1-0


[Site "https://www.chess.com"]

[Event "Titled Tuesday Blitz January 04 2022"]
[White "Drozdowski, Kacper"]
[Black "Lorparizangeneh, Shahin"]
[WhiteFideId "1136720"]
[BlackFideId "12521604"]
[WhiteElo "2507"]
[BlackElo "2525"]
[Result "1-0"]
[Round "11"]
[TimeControl "180+1"]
[Date "2022.01.04"]
[WhiteClock "0:01:59"]
[BlackClock "0:00:13"]

1. e4 c5 2. Nf3 d6 3. d4 cxd4 4. Nxd4 Nf6 5. f3 e5 6. Nb3 d5 7. Bg5 Be6 8. Bxf6 gxf6 9. exd5 Qxd5 10. Qxd5 Bxd5 11. Nc3 Be6 12. O-O-O Nc6 13. Bb5 Rc8 14. Na5 a6 15. Nxc6 axb5 16. Na7 Rc5 17. Naxb5 Bxa2 18. b3 Rg8 19. g3 Ke7 20. Kb2 Bxb3 21. cxb3 Bg7 22. Nd6 Ke6 23. Nxb7 Rc7 24. Nd6 f5 25. Nc4 Rb8 26. Kc2 Rcb7 27. Na4 Ke7 28. Rd3 e4 29. Re1 Kf8 30. fxe4 Re7 31. e5 1-0


[Site "https://www.chess.com"]

[Event "Titled Tuesday Blitz January 04 2022"]
[White "Firat, Burak"]
[Black "Vokhidov, Shamsiddin"]
[WhiteFideId "6305881"]
[BlackFideId "14204223"]
[WhiteElo "2419"]
[BlackElo "2611"]
[Result "1-0"]
[Round "11"]
[TimeControl "180+1"]
[Date "2022.01.04"]
[WhiteClock "0:00:21"]
[BlackClock "0:00:02"]

1. Nf3 d5 2. c4 d4 3. e3 Nc6 4. d3 e5 5. e4 f5 6. exf5 Bxf5 7. g3 Nf6 8. Bg2 Bb4+ 9. Bd2 Qd6 10. a3 Bxd2+ 11. Qxd2 e4 12. Nh4 Be6 13. dxe4 Bxc4 14. Nf5 Qd7 15. Qc2 Ne5 16. Nd2 Nd3+ 17. Kf1 Ba6 18. Kg1 O-O 19. Nc4 Nxf2 20. Kxf2 d3 21. Qb3 Nxe4+ 22. Bxe4 Rxf5+ 23. Kg2 Kh8 24. Qxd3 Qxd3 25. Bxd3 Rd5 26. Be2 Rd4 27. Rhd1 Re4 28. Bd3 Rxc4 29. Bxc4 Bxc4 30. Rac1 b5 31. Rd7 c6 32. Re1 Bd5+ 33. Kh3 a5 34. b4 axb4 35. axb4 h6 36. Ree7 Ra4 37. Kg4 Rxb4+ 38. Kf5 Rb2 39. Kg6 Rf2 40. Re8+ Bg8 41. Rdd8 Rf6+ 42. Kh5 Kh7 43. Rxg8 Rf5+ 44. Kg4 Rg5+ 45. Kf3 b4 46. Rb8 c5 47. Rgc8 Rf5+ 48. Kg4 Rg5+ 49. Kh3 Rh5+ 50. Kg2 Rd5 51. Rb5 Rd2+ 52. Kh3 Rc2 53. Rcxc5 Rb2 54. Rc6 1-0


[Site "https://www.chess.com"]

[Event "Titled Tuesday Blitz January 04 2022"]
[White "Gaehwiler, Gabriel"]
[Black "Suvorov, Alexander"]
[WhiteFideId "1314530"]
[BlackFideId "12977063"]
[WhiteElo "2383"]
[BlackElo "2221"]
[Result "1-0"]
[Round "11"]
[TimeControl "180+1"]
[Date "2022.01.04"]
[WhiteClock "0:00:07"]
[BlackClock "0:00:02"]

1. Nf3 d5 2. c4 d4 3. e3 c5 4. b4 dxe3 5. fxe3 cxb4 6. d4 Nf6 7. a3 e6 8. Bd3 Nbd7 9. O-O a5 10. axb4 Bxb4 11. Ba3 Bxa3 12. Nxa3 O-O 13. Nb5 b6 14. Ng5 h6 15. Ne4 Bb7 16. Ned6 Bc6 17. Qe1 e5 18. Qg3 e4 19. Be2 Bxb5 20. cxb5 Kh7 21. Bc4 Qc7 22. Bxf7 Rxf7 23. Nxf7 Qxg3 24. hxg3 Nd5 25. Ra3 N7f6 26. Ne5 Rc8 27. Nc6 Ng4 28. Rf5 Ndxe3 29. Rf4 Re8 30. Ne5 h5 31. Rxe4 Nc4 32. Rc3 Nd6 33. Re1 Nxb5 34. Rc4 Nxd4 35. Rxd4 Rxe5 36. Rxe5 Nxe5 37. Rd5 Nc4 38. Kf2 a4 39. Rb5 a3 40. Rb4 a2 41. Ra4 Ne5 42. Rxa2 b5 43. Ra5 Ng4+ 44. Ke2 g6 45. Rxb5 Kh6 46. Kf3 Nf6 47. Kf4 Ng8 48. Rb8 Ne7 49. Re8 Nd5+ 50. Ke5 Nc3 51. Rd8 Kg5 52. Rd3 Ne2 53. Re3 Nc1 54. Kd4 Na2 55. Kc4 Nc1 56. Kc3 Na2+ 57. Kb3 Nc1+ 58. Kb2 1-0


[Site "https://www.chess.com"]

[Event "Titled Tuesday Blitz January 04 2022"]
[White "Gunina, Valentina"]
[Black "Kamsky, Gata"]
[WhiteFideId "4167570"]
[BlackFideId "2000024"]
[WhiteElo "2465"]
[BlackElo "2645"]
[Result "0-1"]
[Round "11"]
[TimeControl "180+1"]
[Date "2022.01.04"]
[WhiteClock "0:00:53"]
[BlackClock "0:01:48"]

1. d4 d5 2. c4 c6 3. Nf3 Nf6 4. g3 g6 5. Bg2 Bg7 6. O-O O-O 7. Nc3 dxc4 8. e3 b5 9. Ne5 a6 10. a4 Bb7 11. axb5 axb5 12. Rxa8 Bxa8 13. Nxb5 cxb5 14. Bxa8 Nd5 15. Qf3 e6 16. Bb7 Nd7 17. Bxd5 Nxe5 18. dxe5 Qxd5 19. Qxd5 exd5 20. Rd1 Rd8 21. f4 f6 22. e4 fxe5 23. exd5 exf4 24. gxf4 b4 25. Kf2 Kf7 26. Ke2 b3 27. Kf3 Bf6 28. f5 gxf5 29. Kf4 c3 30. bxc3 Bxc3 31. Kxf5 b2 32. Bg5 Rxd5+ 33. Rxd5 b1=Q+ 34. Kg4 Qe4+ 0-1


[Site "https://www.chess.com"]

[Event "Titled Tuesday Blitz January 04 2022"]
[White "Gvanceladze, Anna"]
[Black "Erdogdu, Mert"]
[WhiteFideId "4113721"]
[BlackFideId "6301495"]
[WhiteElo "2048"]
[BlackElo "2485"]
[Result "0-1"]
[Round "11"]
[TimeControl "180+1"]
[Date "2022.01.04"]
[WhiteClock "0:00:01"]
[BlackClock "0:00:09"]

1. e4 c5 2. Nf3 d6 3. d4 cxd4 4. Nxd4 Nf6 5. Nc3 a6 6. Bg5 e6 7. Qe2 Be7 8. f4 h6 9. Bxf6 Bxf6 10. O-O-O Qb6 11. e5 dxe5 12. fxe5 Be7 13. g3 O-O 14. Bg2 Bd7 15. Rhf1 Nc6 16. Nf5 Bg5+ 17. Kb1 Rad8 18. Nd6 Be7 19. Qh5 Be8 20. Nxe8 Rdxe8 21. Rd7 Ba3 22. Na4 Qb5 23. Rfxf7 Ne7 24. Rxf8+ Rxf8 25. c3 Qxd7 26. Qg4 Qd3+ 27. Kc1 Rf2 28. Qxe6+ Kh7 29. Be4+ Qxe4 0-1


[Site "https://www.chess.com"]

[Event "Titled Tuesday Blitz January 04 2022"]
[White "Hakobyan, Aram"]
[Black "Sanal, Vahap"]
[WhiteFideId "13306677"]
[BlackFideId "6300545"]
[WhiteElo "2557"]
[BlackElo "2603"]
[Result "0-1"]
[Round "11"]
[TimeControl "180+1"]
[Date "2022.01.04"]
[WhiteClock "0:00:01"]
[BlackClock "0:00:40"]

1. d4 Nf6 2. Nf3 d5 3. c3 Bf5 4. Qb3 Qc8 5. c4 e6 6. cxd5 exd5 7. Nc3 c6 8. Bf4 Na6 9. Rc1 Be7 10. e3 Nc7 11. Be2 O-O 12. O-O Ne6 13. Be5 Qd7 14. h3 h6 15. Bh2 Nd8 16. Ne5 Qe6 17. Na4 Bd6 18. Nc5 Qe7 19. Bd3 Bxd3 20. Qxd3 Ne8 21. Ned7 Bxh2+ 22. Kxh2 b6 23. Nxf8 Qd6+ 24. Kg1 bxc5 25. Qh7+ Kxf8 26. e4 cxd4 27. exd5 Qxd5 28. Rce1 Ne6 29. f4 c5 30. Qh8+ Ke7 31. f5 Nf6 32. Qxg7 Rg8 33. Qxf6+ Kxf6 34. fxe6+ Kg6 35. exf7 Rf8 36. Re7 d3 37. Rd1 Rxf7 0-1


[Site "https://www.chess.com"]

[Event "Titled Tuesday Blitz January 04 2022"]
[White "Harshavardhan G B"]
[Black "Artemenko, Oleg"]
[WhiteFideId "25059009"]
[BlackFideId "14201798"]
[WhiteElo "1831"]
[BlackElo "2287"]
[Result "0-1"]
[Round "11"]
[TimeControl "180+1"]
[Date "2022.01.04"]
[WhiteClock "0:01:11"]
[BlackClock "0:00:38"]

1. d4 Nf6 2. Nf3 e6 3. c4 Bb4+ 4. Nc3 O-O 5. g3 d5 6. Bg2 c5 7. O-O cxd4 8. Nxd4 dxc4 9. Be3 e5 10. Nc2 Bxc3 11. bxc3 Nbd7 12. Na3 Qc7 13. Nb5 Qa5 14. a4 Rd8 15. Nd6 Qc7 16. Nb5 Qa5 17. Qd6 a6 18. Nc7 Ne8 19. Nxe8 Rxe8 20. Rfd1 Nf6 21. Rab1 Bf5 22. Rxb7 Rad8 23. Qxd8 Rxd8 24. Rxd8+ Qxd8 25. Ba7 Qd1+ 26. Bf1 h6 27. Kg2 Be4+ 0-1


[Site "https://www.chess.com"]

[Event "Titled Tuesday Blitz January 04 2022"]
[White "Harutjunyan, Gevorg"]
[Black "Krivonosov, Oleg"]
[WhiteFideId "13300873"]
[BlackFideId "11600349"]
[WhiteElo "2498"]
[BlackElo "2455"]
[Result "1-0"]
[Round "11"]
[TimeControl "180+1"]
[Date "2022.01.04"]
[WhiteClock "0:02:01"]
[BlackClock "0:01:13"]

1. e4 e5 2. Nf3 Nc6 3. Nc3 Nf6 4. d4 exd4 5. Nxd4 Bb4 6. Nxc6 bxc6 7. Bd3 d5 8. exd5 cxd5 9. O-O O-O 10. h3 c6 11. Qf3 Rb8 12. Bf4 Bd6 13. b3 Bxf4 14. Qxf4 Bd7 15. Na4 Re8 16. Qd4 Qa5 17. c3 h6 18. Rfe1 Qc7 19. Nc5 Rxe1+ 20. Rxe1 Re8 21. Rxe8+ Bxe8 22. b4 Nd7 23. a4 Nxc5 24. Qxc5 Qd7 25. b5 Qb7 26. c4 dxc4 27. Be4 Qb6 28. Qxb6 axb6 29. a5 1-0


[Site "https://www.chess.com"]

[Event "Titled Tuesday Blitz January 04 2022"]
[White "Hasangatin, Ramil"]
[Black "Gabrielian, Artur"]
[WhiteFideId "4122160"]
[BlackFideId "4131002"]
[WhiteElo "2375"]
[BlackElo "2440"]
[Result "0-1"]
[Round "11"]
[TimeControl "180+1"]
[Date "2022.01.04"]
[WhiteClock "0:00:01"]
[BlackClock "0:00:05"]

1. e4 g6 2. d4 Bg7 3. Nc3 d6 4. Nf3 a6 5. a4 Nf6 6. h3 Nc6 7. d5 Nb4 8. Bc4 O-O 9. O-O c6 10. Be3 a5 11. Bb3 Nd7 12. Qd2 Qc7 13. Rad1 Nc5 14. Bh6 b6 15. dxc6 Nxb3 16. cxb3 Qxc6 17. Rc1 Qd7 18. Nb5 Ba6 19. Rc7 Qe6 20. Bxg7 Kxg7 21. Qd4+ Kg8 22. Qxb6 Qxe4 23. Re1 Qf4 24. Rcxe7 Nd5 25. Qxd6 Qxd6 26. Nxd6 Nxe7 27. Rxe7 Rad8 28. Nc4 Rd1+ 29. Kh2 Bxc4 30. bxc4 Rc8 31. Ra7 Rxc4 32. Rxa5 Rc2 33. Kg3 Rd3 34. Rb5 h5 35. a5 Rc4 36. a6 h4+ 37. Kh2 Ra4 38. a7 Rxa7 39. Nxh4 Rd1 40. Nf3 Rf1 41. Kg3 Raa1 42. h4 Rac1 43. Rb7 Rc4 44. Ng5 f6 45. Nf3 Rd1 46. Rb6 Kf7 47. Rb7+ Ke6 48. b3 Rc3 49. Rb6+ Rd6 50. Rb4 Rd5 51. Re4+ Kf5 52. Rf4+ Ke6 53. Rg4 Kf7 54. Rf4 f5 55. b4 Rb3 56. Rd4 Rxd4 0-1


[Site "https://www.chess.com"]

[Event "Titled Tuesday Blitz January 04 2022"]
[White "Ibarra Jerez, Jose Carlos"]
[Black "Tregubov, Pavel V."]
[WhiteFideId "2226332"]
[BlackFideId "4115341"]
[WhiteElo "2626"]
[BlackElo "2341"]
[Result "1/2-1/2"]
[Round "11"]
[TimeControl "180+1"]
[Date "2022.01.04"]
[WhiteClock "0:00:09"]
[BlackClock "0:00:15"]

1. g4 d5 2. h3 c5 3. Bg2 Nc6 4. d3 h6 5. Nc3 Nf6 6. e4 dxe4 7. Nxe4 Nxe4 8. dxe4 Qxd1+ 9. Kxd1 e5 10. c3 Be6 11. Kc2 O-O-O 12. Nf3 Bc4 13. Bf1 Bxf1 14. Rxf1 f6 15. Nh4 Ne7 16. Be3 g5 17. Nf5 Nxf5 18. gxf5 Kc7 19. c4 Kc6 20. Rad1 Rxd1 21. Rxd1 Bd6 22. f3 h5 23. h4 g4 24. Rg1 gxf3 25. Rg7 Rf8 26. Kd2 b5 27. cxb5+ Kxb5 28. Rxa7 Rg8 29. a4+ Kc4 30. Bf2 Rb8 31. Kc2 Bf8 32. Ra6 Bg7 33. Rc6 Bf8 34. Rc7 Kb4 35. b3 Ka3 36. Rf7 Bd6 37. Rxf6 Be7 38. Re6 Rxb3 39. Rxe7 Rb2+ 40. Kd3 Rxf2 41. Ke3 Rf1 42. f6 Re1+ 43. Kf2 Rxe4 44. Kxf3 Rf4+ 45. Kg3 Rxf6 46. Rxe5 Rc6 47. Rxh5 c4 48. Rf5 c3 49. Rf1 c2 50. Kg4 Kb2 51. h5 c1=Q 52. Rxc1 Kxc1 53. Kg5 Kb2 54. h6 Ka3 55. h7 Rc8 56. a5 Kb4 57. a6 Kb5 58. a7 Kb6 59. Kg6 Kxa7 60. Kg7 Rc7+ 61. Kg6 Rc8 62. Kg7 Rc7+ 63. Kg6 Rxh7 64. Kxh7 1/2-1/2


[Site "https://www.chess.com"]

[Event "Titled Tuesday Blitz January 04 2022"]
[White "Karttunen, Mika"]
[Black "Kosakowski, Jakub"]
[WhiteFideId "502081"]
[BlackFideId "1185080"]
[WhiteElo "2343"]
[BlackElo "2476"]
[Result "0-1"]
[Round "11"]
[TimeControl "180+1"]
[Date "2022.01.04"]
[WhiteClock "0:00:03"]
[BlackClock "0:00:19"]

1. e4 c6 2. d4 d5 3. exd5 cxd5 4. Bd3 Nc6 5. c3 Qc7 6. h3 e5 7. dxe5 Nxe5 8. Nf3 Nxd3+ 9. Qxd3 Nf6 10. O-O Be7 11. Be3 O-O 12. Nbd2 Be6 13. Bd4 h6 14. Rfe1 Rfe8 15. Be5 Qb6 16. Nb3 Ne4 17. Bd4 Qc7 18. Be5 Qb6 19. Bd4 Qc6 20. Be3 Qc7 21. Nfd4 Bd7 22. Rad1 a6 23. Ne2 Bc6 24. Nbd4 Ba4 25. Rc1 Rad8 26. Nf5 Bf8 27. Bf4 Qc8 28. Ned4 Bd7 29. Ng3 Nc5 30. Qf3 Ne6 31. Be3 Qc4 32. a3 Ng5 33. Bxg5 hxg5 34. Red1 g6 35. Nf1 Bc8 36. Ne3 Qc5 37. Ndc2 Be6 38. Nb4 Qb5 39. Nexd5 Bg7 40. Nf6+ Bxf6 41. Qxf6 Rxd1+ 42. Rxd1 a5 43. Nd3 Bf5 44. Qd4 Bxd3 45. Rxd3 Qxb2 46. Re3 Rxe3 47. fxe3 Qxa3 48. Qd8+ Kg7 49. Qd4+ Kh7 50. Qc4 Qe7 51. Kf2 Kg7 52. Qb5 Qc7 53. c4 b6 54. Qb2+ Kg8 55. Qd4 Qc5 56. Qd8+ Kg7 57. Qd3 Qf5+ 58. Ke2 Qxd3+ 59. Kxd3 Kf6 60. Kd4 Ke6 61. e4 f6 62. g3 Kd6 63. g4 Ke6 0-1


[Site "https://www.chess.com"]

[Event "Titled Tuesday Blitz January 04 2022"]
[White "Kobo, Ori"]
[Black "Pelopidass"]
[WhiteFideId "2812320"]
[WhiteElo "2420"]
[BlackElo "2626"]
[Result "1/2-1/2"]
[Round "11"]
[TimeControl "180+1"]
[Date "2022.01.04"]
[WhiteClock "0:00:10"]
[BlackClock "0:00:19"]

1. e4 e6 2. d4 d5 3. Nc3 Bb4 4. e5 c5 5. a3 Bxc3+ 6. bxc3 Qa5 7. Bd2 Qa4 8. Qg4 g6 9. Nf3 Ne7 10. h4 h6 11. Qf4 Qxc2 12. dxc5 Nbc6 13. Bb5 Qe4+ 14. Qxe4 dxe4 15. Nd4 Bd7 16. Nxc6 Bxc6 17. Rb1 O-O-O 18. Be2 Rd7 19. Rh3 e3 20. Rxe3 Bxg2 21. f3 Rhd8 22. Rb2 Bh3 23. Bb5 Rd5 24. c4 Rd3 25. Ke2 Bf1+ 26. Ke1 Bg2 27. Ke2 Bf1+ 28. Ke1 Bg2 29. Ke2 Bf1+ 1/2-1/2


[Site "https://www.chess.com"]

[Event "Titled Tuesday Blitz January 04 2022"]
[White "Liyanage, Ranindu Dilshan"]
[Black "Costachi, Mihnea"]
[WhiteFideId "9915834"]
[BlackFideId "1217518"]
[WhiteElo "1858"]
[BlackElo "2464"]
[Result "0-1"]
[Round "11"]
[TimeControl "180+1"]
[Date "2022.01.04"]
[WhiteClock "0:00:02"]
[BlackClock "0:00:10"]

1. e4 c5 2. Nf3 d6 3. d4 cxd4 4. Nxd4 Nf6 5. Nc3 Nc6 6. Bg5 e6 7. Qd3 Be7 8. O-O-O Bd7 9. h4 a6 10. Be2 b5 11. a3 b4 12. Nxc6 Bxc6 13. axb4 Qb6 14. Qd4 Rb8 15. Qxb6 Rxb6 16. Rd4 O-O 17. Bxf6 gxf6 18. f3 Rfb8 19. Rhd1 Kf8 20. Na2 Bd7 21. c3 f5 22. exf5 e5 23. R4d2 Bxf5 24. g3 Be6 25. Kb1 d5 26. Bd3 h5 27. Re1 Bd6 28. Rde2 Kg7 29. Bc2 f6 30. Bb3 a5 31. Rd1 axb4 32. Bxd5 Bxd5 33. Rxd5 bxc3 34. Nxc3 Ba3 35. Rd7+ Kg6 36. Rdd2 Rb3 37. Rc2 Bf8 38. Rf2 Bc5 39. Rfe2 Bd4 40. Kc1 Ra8 41. Kd2 Ra1 42. Re1 Ra8 43. Re2 Rd8 44. Kc1 Ba7 45. Red2 Be3 46. Nd1 Bxd2+ 47. Rxd2 Rxd2 48. Kxd2 Rxf3 49. Kc2 Rxg3 50. b4 Kf5 51. b5 Ke6 52. Nc3 Rg8 53. Kd3 f5 54. Kc4 f4 55. Kd3 Kf5 56. b6 e4+ 57. Ke2 f3+ 58. Ke3 Rd8 59. b7 Rb8 60. Nxe4 f2 61. Nxf2 Rxb7 62. Kf3 Rb3+ 63. Kg2 Kf4 64. Nh3+ Kg4 65. Nf2+ Kxh4 0-1


[Site "https://www.chess.com"]

[Event "Titled Tuesday Blitz January 04 2022"]
[White "Maly, Alexey"]
[Black "Fernandez Reyes, Lisandro"]
[WhiteFideId "14103184"]
[BlackFideId "3504190"]
[WhiteElo "2266"]
[BlackElo "2374"]
[Result "1-0"]
[Round "11"]
[TimeControl "180+1"]
[Date "2022.01.04"]
[WhiteClock "0:00:21"]
[BlackClock "0:00:10"]

1. d4 Nf6 2. c4 g6 3. Nc3 Bg7 4. e4 d6 5. Be2 O-O 6. Nf3 Bg4 7. Ng1 Bc8 8. Nf3 Bg4 9. O-O Bxf3 10. Bxf3 e5 11. Be3 Nc6 12. d5 Nd4 13. Bxd4 exd4 14. Qxd4 Re8 15. Qd2 Nd7 16. Rfe1 a5 17. Be2 Nc5 18. Bd3 Qf6 19. Bf1 h5 20. Rab1 Re7 21. Qc2 Rae8 22. Re2 Qd4 23. Rd2 Qe5 24. Re2 h4 25. Nb5 c6 26. dxc6 bxc6 27. Nc3 Qf4 28. g3 hxg3 29. hxg3 Qg5 30. Bg2 Bd4 31. Rd1 Qf6 32. Kf1 Kg7 33. Qd2 Ne6 34. Qd3 Rh8 35. Qf3 Qe5 36. Qd3 Rh2 37. f4 Qh5 38. Qf3 Qh6 39. Rd3 Re8 40. Ke1 Rh8 41. Kd1 Bf6 42. Rxd6 Nd4 43. Rxd4 Bxd4 44. e5 Rd8 45. Kc2 Qh5 46. g4 Qh4 47. f5 Bxc3 48. f6+ Kg8 49. bxc3 Qg5 50. Qe4 Rh4 51. e6 Qxf6 52. e7 Re8 53. Qxc6 Rxg4 54. Qxf6 Rxg2 55. Rxg2 1-0


[Site "https://www.chess.com"]

[Event "Titled Tuesday Blitz January 04 2022"]
[White "Manukyan, Artyom"]
[Black "Aitbayev, Aslan"]
[WhiteFideId "13305786"]
[BlackFideId "13704613"]
[WhiteElo "2034"]
[BlackElo "2385"]
[Result "0-1"]
[Round "11"]
[TimeControl "180+1"]
[Date "2022.01.04"]
[WhiteClock "0:00:04"]
[BlackClock "0:00:13"]

1. e4 d6 2. d4 Nf6 3. Nc3 g6 4. f4 Bg7 5. Nf3 O-O 6. Bd3 Nc6 7. O-O e5 8. fxe5 dxe5 9. d5 Ne7 10. Nxe5 c6 11. Bg5 cxd5 12. Bxf6 Qb6+ 13. Kh1 Bxf6 14. Nxd5 Nxd5 15. Nc4 Qc5 16. exd5 Bg7 17. Qf3 b5 18. Ne3 Bxb2 19. Rab1 Bd4 20. Rxb5 Qc3 21. Rb3 Qc5 22. Nd1 Bd7 23. Rb7 Rad8 24. c4 Qa3 25. Qe4 Bc5 26. Bb1 Rde8 27. Qf4 Re7 28. Rb3 Qa6 29. Nc3 f5 30. Nb5 Bxb5 31. Rxb5 Bd6 32. Qf3 Rfe8 33. Qd3 Re3 34. Qc2 Re1 35. Qd3 Qa3 36. c5 Bxc5 37. Rb3 Qc1 0-1


[Site "https://www.chess.com"]

[Event "Titled Tuesday Blitz January 04 2022"]
[White "Moroni, Luca Jr"]
[Black "Volkov, Maksim"]
[WhiteFideId "865834"]
[BlackFideId "54123070"]
[WhiteElo "2573"]
[BlackElo "2081"]
[Result "1/2-1/2"]
[Round "11"]
[TimeControl "180+1"]
[Date "2022.01.04"]
[WhiteClock "0:00:09"]
[BlackClock "0:00:22"]

1. d4 d5 2. Bf4 Nf6 3. e3 c5 4. dxc5 Nc6 5. Bb5 e6 6. b4 Bd7 7. c3 a5 8. Qb3 Be7 9. Nf3 O-O 10. Nbd2 Nh5 11. O-O Nxf4 12. exf4 Qc7 13. g3 Bf6 14. a3 axb4 15. axb4 e5 16. Bxc6 bxc6 17. fxe5 Bxe5 18. Nxe5 Qxe5 19. Nf3 Qe4 20. Rxa8 Rxa8 21. Qd1 Bg4 22. Nd2 Bxd1 23. Nxe4 Be2 24. Re1 Ra2 25. Nd6 g5 26. b5 Bxb5 27. Re8+ Kg7 28. Nxb5 cxb5 29. c6 Ra7 30. Rc8 Kf6 31. c7 h5 32. h4 gxh4 33. gxh4 Kf5 34. Kg2 Rb7 35. Kf3 d4 36. cxd4 b4 37. Rb8 Rxc7 38. Rb5+ Kg6 39. Rxb4 Rc3+ 40. Kg2 Kf5 41. Rb5+ Kg4 42. Rb7 f5 43. d5 Rd3 44. Rb4+ f4 45. f3+ Kxh4 46. Rxf4+ Kg5 47. Rf8 Rxd5 48. Kg3 Ra5 49. Rg8+ Kh6 50. Rb8 Kg5 51. f4+ Kf5 52. Rf8+ Kg6 53. Rg8+ Kh6 54. Kh4 Ra4 55. Rf8 Kg6 56. Kg3 Ra3+ 57. Kh4 Ra4 58. Rg8+ Kh6 59. Rh8+ Kg6 60. Rg8+ Kh6 1/2-1/2


[Site "https://www.chess.com"]

[Event "Titled Tuesday Blitz January 04 2022"]
[White "Nakamura, Hikaru"]
[Black "Sarana, Alexey"]
[WhiteFideId "2016192"]
[BlackFideId "24133795"]
[WhiteElo "2850"]
[BlackElo "2665"]
[Result "1/2-1/2"]
[Round "11"]
[TimeControl "180+1"]
[Date "2022.01.04"]
[WhiteClock "0:00:27"]
[BlackClock "0:00:07"]

1. e4 c5 2. Nf3 d6 3. d4 cxd4 4. Qxd4 Nc6 5. Bb5 Bd7 6. Bxc6 Bxc6 7. Nc3 h6 8. Be3 e5 9. Qd3 Nf6 10. O-O-O Be7 11. h3 b5 12. Kb1 b4 13. Nd5 Nxd5 14. exd5 Bd7 15. g4 Qa5 16. Nd2 Qb5 17. Nc4 O-O 18. f4 e4 19. Qxe4 Rfe8 20. Qd3 a5 21. Nb6 Rab8 22. Nxd7 Qxd7 23. Bd4 a4 24. Rhe1 Bh4 25. Rxe8+ Rxe8 26. a3 bxa3 27. Qxa3 Re4 28. Qf3 Qe8 29. Ka2 Re2 30. Qd3 Bf2 31. Bc3 Bc5 32. g5 hxg5 33. fxg5 Re3 34. Qc4 Qe4 35. Qxe4 Rxe4 36. Rd3 Kh7 37. Bd2 Kg6 38. b3 axb3+ 39. Kxb3 f5 40. gxf6 gxf6 41. Rg3+ Kf7 42. c4 f5 43. Rf3 Kf6 44. Bf4 Re1 45. h4 Rh1 46. Bg5+ Kg6 47. Ka4 Rb1 48. Bd2 Rh1 49. Rg3+ Kf7 50. Bg5 Rb1 51. Rb3 Rxb3 52. Kxb3 Kg6 53. Kc2 Kh5 54. Kd3 Kg4 55. Ke2 f4 56. Ke1 f3 57. Kf1 Kh5 58. Bd8 Kg4 59. Be7 Kh5 60. Bd8 Kg4 61. Bg5 Kh5 62. Bd2 Kxh4 63. Be1+ Kg4 64. Bf2 Bb4 65. c5 dxc5 66. d6 c4 67. d7 Be7 68. Be1 Bd8 69. Bd2 Kf5 70. Kf2 Ke4 71. Bc3 Bh4+ 72. Kf1 Kd3 73. Ba5 c3 74. d8=Q+ Bxd8 75. Bxd8 c2 76. Bg5 Ke4 77. Kf2 Kd3 78. Kxf3 c1=Q 79. Bxc1 1/2-1/2


[Site "https://www.chess.com"]

[Event "Titled Tuesday Blitz January 04 2022"]
[White "Nesterov, Arseniy"]
[Black "Seo, Jung Min"]
[WhiteFideId "24198455"]
[BlackFideId "1734687"]
[WhiteElo "2489"]
[BlackElo "2401"]
[Result "1-0"]
[Round "11"]
[TimeControl "180+1"]
[Date "2022.01.04"]
[WhiteClock "0:01:50"]
[BlackClock "0:01:58"]

1. d4 Nf6 2. c4 e6 3. Nf3 d5 4. Nc3 Nbd7 5. Bg5 Be7 6. e3 Ne4 7. Bxe7 Qxe7 8. Rc1 Nxc3 9. Rxc3 c6 10. Bd3 dxc4 11. Rxc4 O-O 12. O-O e5 13. Bb1 exd4 14. Rxd4 Nf6 15. Qd3 Be6 16. e4 Rfd8 17. e5 Rxd4 18. Nxd4 1-0


[Site "https://www.chess.com"]

[Event "Titled Tuesday Blitz January 04 2022"]
[White "Panesar Vedant"]
[Black "Moskalenko, Alexander"]
[WhiteFideId "35033018"]
[BlackFideId "4155351"]
[WhiteElo "1971"]
[BlackElo "2515"]
[Result "0-1"]
[Round "11"]
[TimeControl "180+1"]
[Date "2022.01.04"]
[WhiteClock "0:00:07"]
[BlackClock "0:00:16"]

1. d4 Nf6 2. c4 c5 3. d5 b5 4. cxb5 a6 5. e3 Bb7 6. Nc3 axb5 7. Bxb5 Qb6 8. Nge2 e6 9. dxe6 fxe6 10. O-O Be7 11. a4 O-O 12. Ng3 Nc6 13. e4 Nd4 14. Be3 Rad8 15. e5 Nd5 16. Bxd4 cxd4 17. Nxd5 Bxd5 18. Qd3 d6 19. exd6 Bxd6 20. Ne4 Be7 21. Rfe1 e5 22. a5 Qg6 23. Bc4 Bxc4 24. Qxc4+ Kh8 25. a6 Bh4 26. a7 Ra8 27. Ng3 Bxg3 28. hxg3 Qf6 29. f3 Qg5 30. Qe2 Rfe8 31. g4 Qe7 32. Qb5 h6 33. b4 Red8 34. Qc5 Qd7 35. Rxe5 d3 36. Ree1 d2 37. Red1 Rdc8 38. Qf2 Rc2 39. b5 Qxb5 40. Rxd2 Qe5 41. Rad1 Rxd2 42. Qxd2 Rxa7 43. Re1 Qc5+ 44. Qf2 Qxf2+ 45. Kxf2 Kh7 46. Kg3 Kg6 47. Re6+ Kf7 48. Rb6 Ra3 49. Kf4 Ra2 50. g3 Ra4+ 51. Ke5 Ra5+ 52. Ke4 Ra4+ 53. Kd5 Ra3 54. Rb7+ Kf6 55. Ke4 Ra4+ 56. Ke3 Ra3+ 57. Kf2 Ra2+ 58. Ke3 Ra3+ 59. Kf2 Ra2+ 60. Kg1 Rc2 61. Kf1 Kg6 62. Rb5 Kf6 63. Rd5 Rb2 64. Rf5+ Ke6 65. Rf4 Ra2 66. Re4+ Kf6 67. Re2 Ra1+ 68. Kf2 Ra3 69. Re4 Ra2+ 70. Re2 Ra3 71. f4 Rb3 72. Re3 Rb2+ 73. Kf3 Ra2 74. Rb3 Ra6 75. Rc3 Rb6 76. Ra3 Rc6 77. Ke4 Rc4+ 78. Kd5 Rc1 79. Ra6+ Kf7 80. Ke5 Rc5+ 81. Kd4 Rb5 82. Ra7+ Kf6 83. Ra6+ Kf7 84. Ra3 Kf6 85. Ke4 Rb4+ 86. Kd5 Rb5+ 87. Kc4 Rb1 88. Re3 Ra1 89. Rb3 Rd1 90. Rd3 Ra1 91. Kd5 Ra5+ 92. Ke4 Ra4+ 93. Rd4 Ra3 94. Rd6+ Kf7 95. Rd7+ Kf6 96. Rd6+ Ke7 97. Rd3 Ra4+ 98. Ke5 Ra5+ 99. Ke4 Kf6 100. Rd6+ Kf7 101. Rd7+ Kf6 102. Rd6+ Kf7 103. Rd5 Ra3 104. Rd3 Ra5 105. f5 Ra4+ 106. Ke5 Rxg4 107. Rd7+ Ke8 108. Rd3 Kf7 109. Rb3 h5 110. Rb7+ Kg8 111. Rb3 Kh7 112. f6 Rg5+ 113. Ke6 Rg6 114. Rf3 gxf6 115. Rxf6 Rxg3 116. Ke5 Kg7 117. Rf1 Kg6 118. Kf4 h4 119. Rh1 Kh5 120. Re1 Rc3 121. Rf1 h3 122. Rg1 h2 123. Rh1 Rh3 124. Kf5 Rf3+ 125. Ke4 Rh3 126. Kf4 Kh4 127. Kf5 Kg3 128. Kg5 Kg2 129. Ra1 h1=Q 130. Ra2+ Kf1 131. Ra1+ Ke2 132. Ra2+ Kd3 133. Kg4 Qf3+ 134. Kg5 Rh5+ 135. Kg6 Qf5+ 136. Kg7 Rh7+ 137. Kg8 Qf7# 0-1


[Site "https://www.chess.com"]